 Dungeon Crawl Stone Soup version 0.17-a0-2027-gcac42c4 (webtiles) character file.

25 graki42 the Insei (level 3, 0/31 HPs)
             Began as a Naga Transmuter on Oct 10, 2015.
             Slain by a worm (5 damage)
             ... on level 2 of the Dungeon.
             The game lasted 00:02:40 (1478 turns).

graki42 the Insei (Naga Transmuter)                 Turns: 1478, Time: 00:02:40

Health: 0/31       AC:  2    Str: 12    XL:     3   Next: 4%
Magic:  5/6        EV: 10    Int: 13    God:
Gold:   91         SH:  0    Dex: 12    Spells: 1 memorised, 5 levels left

rFire  . . .     SeeInvis +       - Unarmed
rCold  . . .     Clarity  .     b - +0 robe
rNeg   . . .     SustAt   .     (no shield)
rPois  +         Gourm    .     (no helmet)
rElec  .         Spirit   .     (no cloak)
rCorr  .         Warding  .     (no gloves)
rMut   .         Stasis   .     (no barding)
MR     .....                    (no amulet)
Stlth  +.........               (no ring)
                                (no ring)

@: appendage (expiring), very slow, not resistant to hostile enchantments, very
unstealthy
A: horns 2, see invisible, deformed body, poison resistance, slowness 2, slow
metabolism 1, spit poison 2, AC +1
a: Spit Poison, End Transformation


You were on level 2 of the Dungeon.
You were not hungry.
You had grown temporary horns.
You visited 1 branch of the dungeon, and saw 2 of its levels.

You collected 91 gold pieces.

Inventory:

Missiles
 a - 12 arrows
Armour
 b - a +0 robe (worn)
Jewellery
 k - an uncursed ring of stealth {unknown}
Scrolls
 h - a scroll of amnesia {unknown}
 i - a scroll of enchant weapon {unknown}
 j - a scroll of blinking {unknown}
Potions
 e - 2 potions of curing {unknown}
 f - a potion of heal wounds {unknown}
 g - a potion of degeneration {unknown}
 l - a potion of poison {unknown}
Books
 c - a book of Changes

   Spells                             Type                      Level
   a - Beastly Appendage              Transmutation                1
   b - Sticks to Snakes               Transmutation                2
   c - Spider Form                    Transmutation/Poison         3
   d - Ice Form                       Ice/Transmutation            4
   e - Blade Hands                    Transmutation                5
Comestibles
 d - 2 bread rations


   Skills:
 + Level 1.2 Fighting
 + Level 1.9 Dodging
 + Level 3.3 Unarmed Combat
 + Level 2.1 Spellcasting
 * Level 2.3 Transmutations


You had 5 spell levels left.
You knew the following spells:

 Your Spells              Type           Power        Failure   Level  Hunger
a - Beastly Appendage     Trmt           #.....       12%         1    ##.....


Dungeon Overview and Level Annotations

Branches:
Dungeon (2/15)

Altars:


Innate Abilities, Weirdness & Mutations

You cannot wear boots.
Your serpentine skin is tough (AC +1).
You have supernaturally acute eyesight.
Armour fits poorly on your strangely shaped body.
Your system is resistant to poisons.
You cover ground very slowly.
You have a slow metabolism.
You can spit poison.
You have a pair of horns on your head.


Message History

You hit the worm.
You headbutt the worm, but do no damage.
The worm is moderately wounded.
Your transformation is almost over.
The worm bites you!
You hit the worm.
The worm is heavily wounded.
You hit the worm. Your headbutt misses the worm.
The worm is severely wounded.
The worm bites you!
You barely miss the worm.
The worm is heavily wounded.
The worm bites you!
* * * LOW HITPOINT WARNING * * *
You hit the worm.
The worm is severely wounded.
You hit the worm.
The worm is almost dead.
The worm bites you.
You die...

#.. ..# .# #......###.#
... ....... # ... ..#..
. # #.. #.# ......
#.#..# #.# ..#.#.#
##.#..#####.##.......
............@w.#
#...........#.......
#####.#..##..........#.#
.[.......##.#...#.......
.......................#
.####.##............#...
.# #.##(.##....#......#
.# #.##..##......###...
.# #.##..##......###.


You could see a worm.

Vanquished Creatures
  An adder (D:2)
  3 hobgoblins
  5 bats
  A giant newt (D:1)
  6 jackals (D:1)
  A rat (D:1)
17 creatures vanquished.

Notes
Turn   | Place    | Note
--------------------------------------------------------------
     0 | D:1      | graki42 the Naga Transmuter began the quest for the Orb.
     0 | D:1      | Reached XP level 1. HP: 18/18 MP: 3/3
   310 | D:1      | Reached XP level 2. HP: 8/25 MP: 5/5
  1207 | D:2      | Reached XP level 3. HP: 14/31 MP: 3/6
  1478 | D:2      | Slain by a worm

Vault maps used:
D:1:      lemuel_arrival_rhombus, serial_co_window_serial, co_window_paths_b,
          co_window_corner_a, co_window_paths_a, co_window_of_opportunity_a,
          co_window_paths_b, co_window_unsneaky_path_e, co_window_corner_ca,
          co_window_cross_3, co_window_of_opportunity_c, co_window_corner_b,
          glass_columns_a, glass_columns_a, glass_columns_b, glass_columns_b
D:2:      amethyst_overflow_temple_binary, first_bread, hangedman_decor_lopped,
          grunt_ministairs_6

Action                   || total
-------------------------++-------
Melee: Unarmed           ||    66
 Cast: Beastly Appendage ||    15
  Eat: Chunk             ||     1
